 Dungeon Crawl Stone Soup version 0.25-a0-166-g16436c4407 (webtiles) character file.

Game seed: 18400159852457417450, levelgen mode: deterministic

44484 Lanoc the Grappler (level 13, -11/128 HPs)
             Began as a Troll Monk on Nov 24, 2019.
             Was the Champion of Nemelex Xobeh.
             Mangled by an orc warrior
             ... wielding a +0 flail
              (21 damage)
             ... on level 15 of the Dungeon.
             The game lasted 00:32:52 (12119 turns).

Lanoc the Grappler (Troll Monk)                    Turns: 12119, Time: 00:32:53

Health: -11/128    AC: 10    Str: 22    XL:     13   Next: 96%
Magic:  20/20      EV: 15    Int:  6    God:    Nemelex Xobeh [******]
Gold:   1083       SH: 12    Dex: 19    Spells: 12/12 levels left

rFire    + . .     SeeInvis .     - Unarmed
rCold    + + +     Gourm    +   s - +1 shield
rNeg     . . .     Faith    +   z - +2 animal skin {rC+}
rPois    .         Spirit   .   C - +2 hat
rElec    .         Reflect  .   G - scarf {rC+ rF+}
rCorr    .         Harm     .   (gloves unavailable)
MR       .....                  (boots unavailable)
Stlth    ++........             g - amulet of faith
HPRegen  0.71/turn              K - +3 ring of dexterity
MPRegen  0.17/turn              k - ring of protection from cold (curse)

@: no status effects
A: large, unfitting armour, claws 3, fast metabolism 3, gourmand, regeneration
1, shaggy fur 1, tough skin 3
a: Draw Escape, Draw Destruction, Draw Summoning, Triple Draw, Deal Four, Stack
Five, Renounce Religion


You were on level 15 of the Dungeon.
You worshipped Nemelex Xobeh.
Nemelex Xobeh was exalted by your worship.
You were hungry.

You visited 2 branches of the dungeon, and saw 16 of its levels.
You also visited: Ice Cave.

You collected 1317 gold pieces.
You spent 234 gold pieces at shops.

Inventory:

Hand Weapons
 U - a +0 scimitar of flaming
Missiles
 e - 6 large rocks (quivered)
 t - 3 throwing nets
 u - 5 atropa-tipped darts
Armour
 s - a +1 shield (worn)
 z - a +2 animal skin of cold resistance (worn)
 C - a +2 hat (worn)
 G - a scarf of resistance (worn)
Jewellery
 g - an amulet of faith (around neck)
 j - an uncursed ring of resist corrosion
 k - a cursed ring of protection from cold (right claw)
 w - a cursed amulet of inaccuracy {unknown}
 D - a +5 amulet of reflection
 K - a +3 ring of dexterity (left claw)
Wands
 d - a wand of disintegration (11)
 h - a wand of enslavement (6)
 v - a wand of paralysis (4)
 y - a wand of digging (7)
 B - a wand of acid (14)
 L - a wand of random effects (37)
 N - a wand of flame (34)
 R - a wand of iceblast (10)
Scrolls
 c - 10 scrolls of remove curse
 f - 8 scrolls of teleportation
 i - 3 scrolls of immolation
 l - 2 scrolls of enchant armour
 m - 3 scrolls of enchant weapon
 r - a scroll of amnesia
 J - a scroll of magic mapping
 O - a scroll of blinking
 S - 2 scrolls of identify
 T - 3 scrolls of acquirement {unknown}
Potions
 a - 2 potions of mutation
 n - 2 potions of brilliance
 o - a potion of cancellation
 q - 4 potions of might
 x - 2 potions of haste
 A - 4 potions of curing
 E - a potion of ambrosia
 F - 2 potions of agility
 H - 2 potions of flight
 I - 5 potions of magic
 M - 2 potions of resistance
 P - a potion of lignification {unknown}
 Q - 3 potions of heal wounds
Miscellaneous
 p - a sack of spiders
Comestibles
 b - 23 rations


   Skills:
 + Level 8.6 Fighting
 + Level 8.4 Dodging
 - Level 1.0 Stealth
 + Level 7.2 Shields
 * Level 13.5 Unarmed Combat
 * Level 11.8 Invocations


You had 12 spell levels left.
You didn't know any spells.
Your spell library contained the following spells:

 Spells                   Type           Power        Failure   Level  Hunger
 Confusing Touch          Hex            #.....       58%         1    ##.....
 Magic Dart               Conj           #...         58%         1    ##.....
 Blink                    Tloc           N/A          73%         2    ###....
 Call Imp                 Summ           #.......     73%         2    ###....
 Corpse Rot               Necr           N/A          73%         2    ###....
 Slow                     Hex            #.......     73%         2    ###....
 Confuse                  Hex            #.......     91%         3    ####...
 Conjure Flame            Conj/Fire      #.......     91%         3    ####...
 Gell's Gravitas          Tloc           #.........   91%         3    ####...
 Ignite Poison            Fire/Tmut/Pois #.......     91%         3    ####...
 Mephitic Cloud           Conj/Pois/Air  #.......     91%         3    ####...
 Stone Arrow              Conj/Erth      #.....       91%         3    ####...
 Leda's Liquefaction      Hex/Erth       #.........   100%        4    #####..
 Petrify                  Tmut/Erth      #.......     100%        4    #####..
 Fireball                 Conj/Fire      #.........   100%        5    ######.
 Metabolic Englaciation   Hex/Ice        #.........   100%        5    ######.
 Summon Forest            Summ/Tloc      #.........   100%        5    ######.
 Yara's Violent Unravell  Hex/Tmut       #.........   100%        5    ######.
 Bolt of Fire             Conj/Fire      #.........   100%        6    #######
 Hydra Form               Tmut           #.........   100%        6    #######
 Ring of Flames           Chrm/Fire      #.........   100%        7    #######
 Summon Hydra             Summ           #.........   100%        7    #######
 Ignition                 Fire           #.........   100%        8    #######


Dungeon Overview and Level Annotations

Branches:
Dungeon (15/15)            Temple (1/1) D:5            Lair (0/6) D:11
    Orc (0/2) D:10         Vaults (0/5) D:13          IceCv (visited)
 Depths: D:15

Altars:
Gozag
Nemelex Xobeh
Trog
Beogh

Shops:
D:6 }   D:7 *   D:10 ([(*   D:12 %

Annotations:
D:14 3 runed translucent doors


Innate Abilities, Weirdness & Mutations

You are too large for most types of armour.
You have claws for hands.
Your metabolism is lightning-fast.
You like to eat raw meat.
Your natural rate of healing is unusually fast.
You are covered in fur. (AC +1)
You have extremely tough skin. (AC +3)


Message History

You scratch the earth elemental but do no damage.
The deep elf mage casts a spell at you.
The bolt of magma hits the earth elemental!
The earth elemental partially resists.
The bolt of magma hits you!! You partially resist.
* * * LOW HITPOINT WARNING * * *
You swap places.
The deep elf mage gestures wildly while chanting.
The deep elf mage blinks!
The earth elemental barely misses your flayed ghost.
Your flayed ghost barely misses the earth elemental.
You see here 2 arrows.
Your flayed ghost hits the earth elemental!!
Your flayed ghost disappears in a puff of smoke!
The orc warrior shouts!
The orc wizard shouts!
You hear a shout!
The orc wizard casts a spell.
The orc wizard seems to speed up.
The orc warrior hits you with a +0 flail!!
You die...
Your body glows slightly and disappears.

..........................#
..c................o......#
..................o.......#
..........................#
.(.[......................#
.###########..............#
(# #..............# (#
#.....o.o......# (#
#....@.<.......#
(###########..............#
†)))E(E.E.E...............#
###########################


You could see an earth elemental, an orc warrior, an orc wizard and 2 orcs.

Vanquished Creatures
  An ironheart preserver (D:13)
  A dire elephant (D:15)
  Erolcha (D:10)
  5 centaur warriors
  2 two-headed ogres
  A death yak (IceCv)
  An unseen horror (D:15)
  An orange crystal statue (D:14)
  A harpy (IceCv)
  The ghost of wintastic the Cleaver, a novice HOFi of Makhleb (D:6)
  6 ugly things
  A manticore (D:14)
  A wolf spider (D:15)
  A cyclops (D:14)
  2 centaur zombies (D:12)
  An ice statue (IceCv)
  A gargoyle (D:13)
  Joseph (D:7)
  Psyche (D:11)
  A komodo dragon (D:13)
  An efreet (D:15)
  A freezing wraith (D:15)
  2 redback zombies
  6 trolls
  A meliai (IceCv)
  A hornet (D:15)
  9 polar bears (IceCv)
  3 hippogriffs
  5 slime creatures (D:13)
  Sigmund (D:6)
  A spriggan (shapeshifter) (D:15)
  26 yaks
  A spriggan (D:7)
  A vampire (D:13)
  A wraith (D:15)
  A wyvern (D:13)
  2 vampire mosquitoes (D:14)
  2 hungry ghosts (D:10)
  An acid dragon (D:14)
  2 soldier ants (IceCv)
  A water moccasin (D:9)
  12 orc warriors
  14 ice beasts
  8 sky beasts
  An eye of draining (D:10)
  3 black bears
  17 wolves (IceCv)
  4 boggarts (D:13)
  14 centaurs
  A phantom (D:7)
  12 ogres
  2 crocodiles
  3 big kobolds
  12 bullfrogs
  A gnoll sergeant (D:10)
  A wyvern zombie (D:13)
  A wyvern skeleton (D:11)
  3 scorpions
  8 killer bees
  5 wights (D:12)
  6 howler monkeys
  5 crimson imps
  2 quasits (D:9)
  A bullfrog zombie (D:4)
  18 orc priests
  3 jellies
  8 centaur skeletons
  7 hounds
  2 iguanas
  19 orc wizards
  7 worker ants
  2 hound zombies
  2 worker ant zombies
  16 gnolls
  8 adders
  3 shadow imps
  2 oozes
  4 adder skeletons
  7 dart slugs
  7 leopard geckos
  67 orcs
  7 giant cockroaches
  21 goblins
  6 hobgoblins
  8 jackals
  11 quokkas
  A ball python (D:2)
  A ball python skeleton (D:4)
  9 bats
  4 frilled lizards
  A jackal skeleton (D:9)
  15 kobolds
  2 leopard gecko skeletons
  A quokka skeleton (D:5)
  8 rats
513 creatures vanquished.

Vanquished Creatures (collateral kills)
  An azure jelly (IceCv)
  A hydra (D:13)
  A death knight (D:13)
  A two-headed ogre (D:15)
  2 unseen horrors
  An orc knight (D:11)
  An ugly thing (D:15)
  A troll (D:13)
  A wolf spider simulacrum (D:15)
  A yak (D:11)
  2 vampire mosquitoes (D:15)
  A floating eye (shapeshifter) (D:15)
  An ice beast (D:15)
  3 ogres
  2 orc warriors (D:11)
  A bullfrog (D:11)
  4 orcs (D:11)
25 creatures vanquished.

Vanquished Creatures (others)
  An unseen horror (IceCv)
  A bat (D:3)
  A kobold (D:7)
  9 plants (D:15)
12 creatures vanquished.

Grand Total: 550 creatures vanquished

Notes
Turn   | Place    | Note
-------+----------+-------------------------------------------
     0 | D:1      | Lanoc the Troll Monk began the quest for the Orb.
     0 | D:1      | Reached XP level 1. HP: 22/22 MP: 0/0
   109 | D:1      | Reached XP level 2. HP: 29/29 MP: 1/1
   243 | D:1      | Reached XP level 3. HP: 33/36 MP: 2/2
   399 | D:1      | You fall into a shaft and drop 1 floor!
   418 | D:1      | Reached skill level 4 in Unarmed Combat
   462 | D:2      | Reached XP level 4. HP: 36/44 MP: 3/3
  1265 | D:3      | Reached XP level 5. HP: 39/53 MP: 4/4
  1371 | D:3      | Found a sparkling altar of Nemelex Xobeh.
  1401 | D:3      | Became a worshipper of Nemelex Xobeh the Trickster
  1401 | D:3      | Received a gift from Nemelex Xobeh
  1401 | D:3      | Reached * piety under Nemelex Xobeh
  1401 | D:3      | Received a gift from Nemelex Xobeh
  1401 | D:3      | Reached ** piety under Nemelex Xobeh
  1741 | D:4      | Reached skill level 5 in Unarmed Combat
  1741 | D:4      | Reached skill level 1 in Invocations
  1887 | D:4      | Reached XP level 6. HP: 47/61 MP: 5/5
  2114 | D:4      | Found an opulent altar of Gozag.
  2181 | D:4      | Received a gift from Nemelex Xobeh
  2375 | D:5      | Entered Level 5 of the Dungeon
  2391 | D:5      | Found a staircase to the Ecumenical Temple.
  2404 | Temple   | Entered the Ecumenical Temple
  2445 | D:5      | Reached XP level 7. HP: 68/68 MP: 7/7
  2593 | D:5      | Reached skill level 6 in Unarmed Combat
  3034 | D:6      | Received a gift from Nemelex Xobeh
  3047 | D:6      | Reached XP level 8. HP: 63/78 MP: 9/9
  3073 | D:6      | Found Ecuottae's Gadget Shop.
  3137 | D:6      | Reached *** piety under Nemelex Xobeh
  3226 | D:6      | Reached skill level 7 in Unarmed Combat
  3230 | D:6      | Noticed Sigmund
  3329 | D:6      | Killed Sigmund
  3329 | D:6      | Reached skill level 1 in Shields
  3542 | D:6      | Identified the +3 dire flail of Ash {flame, rC+ Dex+2}
  3542 | D:6      | Identified the +11 great mace of Terra Cotta {antimagic,
                  | rF+ Stlth+}
  3542 | D:6      | Noticed a two-headed ogre
  3545 | D:6      | Noticed wintastic's ghost (novice HOFi)
  3546 | D:6      | Found a transporter.
  3548 | D:6      | Found a transporter.
  3607 | D:6      | Reached skill level 5 in Invocations
  3714 | D:6      | Killed wintastic's ghost
  3714 | D:6      | Reached XP level 9. HP: 85/85 MP: 11/11
  3719 | D:6      | Killed a two-headed ogre
  3719 | D:6      | Reached skill level 5 in Fighting
  3719 | D:6      | Reached skill level 8 in Unarmed Combat
  3785 | D:7      | Reached skill level 5 in Dodging
  3860 | D:7      | Noticed Joseph
  3870 | D:7      | Killed Joseph
  3985 | D:7      | Found Woucucoa's General Store.
  3990 | D:7      | Bought a potion of haste for 120 gold pieces
  3990 | D:7      | Bought a scroll of identify for 24 gold pieces
  4173 | D:7      | Received a gift from Nemelex Xobeh
  4584 | D:8      | Reached skill level 9 in Unarmed Combat
  4595 | D:8      | Reached XP level 10. HP: 96/96 MP: 13/13
  4874 | D:8      | Reached **** piety under Nemelex Xobeh
  4874 | D:8      | Received a gift from Nemelex Xobeh
  5800 | D:9      | Received a gift from Nemelex Xobeh
  6185 | D:10     | Entered Level 10 of the Dungeon
  6192 | D:10     | Reached skill level 10 in Unarmed Combat
  6227 | D:10     | Found Vyehoj's Armour Shop.
  6235 | D:10     | Found a staircase to the Orcish Mines.
  6237 | D:10     | Found Juess's Weapon Shop.
  6348 | D:10     | Reached XP level 11. HP: 37/105 MP: 0/16
  6455 | D:10     | Found Wagam's Antique Weapon Shoppe.
  6537 | D:10     | Received a gift from Nemelex Xobeh
  6548 | D:10     | Found Nimumidd's Assorted Antiques.
  6548 | D:10     | Noticed Erolcha
  6551 | D:10     | Killed Erolcha
  6562 | D:10     | Bought a scroll labeled KIH NIUTZ for 30 gold pieces
  6562 | D:10     | Bought a scroll of identify for 60 gold pieces
  6918 | D:11     | Reached ***** piety under Nemelex Xobeh
  7016 | D:11     | Noticed a centaur warrior
  7027 | D:11     | Killed a centaur warrior
  7057 | D:11     | Received a gift from Nemelex Xobeh
  7136 | D:11     | Noticed Psyche
  7144 | D:11     | Killed Psyche
  7225 | D:11     | Noticed an orc knight
  7242 | D:11     | Killed an orc knight
  7242 | D:11     | Reached skill level 11 in Unarmed Combat
  7249 | D:11     | Reached skill level 5 in Shields
  7416 | D:11     | Found a roughly hewn altar of Beogh.
  7480 | D:11     | Killed an unseen horror
  7702 | D:11     | Found a staircase to the Lair.
  7941 | D:12     | Reached XP level 12. HP: 118/118 MP: 18/18
  7952 | D:12     | Found Rassifeo's Food Shop.
  8028 | D:12     | Found a frozen archway.
  8063 | IceCv    | Entered an ice cave
  8505 | IceCv    | Reached skill level 10 in Invocations
  8648 | IceCv    | Received a gift from Nemelex Xobeh
  8691 | IceCv    | Reached skill level 12 in Unarmed Combat
  8743 | IceCv    | Noticed a death yak
  8764 | IceCv    | Killed a death yak
  8971 | IceCv    | Noticed a frost giant
  8972 | IceCv    | Noticed an azure jelly
  8972 | IceCv    | a frost giant changed into an azure jelly
  8984 | IceCv    | Killed an azure jelly
  9312 | D:12     | Noticed a two-headed ogre
  9317 | D:12     | Killed a two-headed ogre
  9317 | D:12     | Reached XP level 13. HP: 89/127 MP: 18/20
  9380 | D:12     | Received a gift from Nemelex Xobeh
  9801 | D:12     | Received a gift from Nemelex Xobeh
 10246 | D:13     | Found a gate to the Vaults.
 10246 | D:13     | Noticed an ironheart preserver
 10266 | D:13     | Killed an ironheart preserver
 10415 | D:13     | Received a gift from Nemelex Xobeh
 10688 | D:13     | Reached skill level 13 in Unarmed Combat
 10779 | D:13     | Reached ****** piety under Nemelex Xobeh
 10828 | D:14     | Received a gift from Nemelex Xobeh
 10918 | D:14     | Found a runed translucent door.
 11018 | D:14     | Found a runed translucent door.
 11043 | D:14     | Found a runed translucent door.
 11053 | D:14     | Found a runed translucent door.
 11165 | D:14     | Received a gift from Nemelex Xobeh
 11278 | D:14     | Received a gift from Nemelex Xobeh
 11484 | D:14     | Received a gift from Nemelex Xobeh
 11598 | D:15     | Entered Level 15 of the Dungeon
 11656 | D:15     | Paralysed by a hornet for 2 turns
 11813 | D:15     | Noticed a dire elephant
 12051 | D:15     | Paralysed by a floating eye for 2 turns
 12088 | D:15     | Killed a dire elephant
 12110 | D:15     | HP: 4/128 [deep elf mage/bolt of magma (20)]
 12119 | D:15     | Mangled by an orc warrior

Levels and vault maps discovered:
D:1:      dpeg_arrival_pond, layout_loops_ring
D:2:      layout_basic
D:3:      layout_basic, nemelex_xobeh_ov_fountains_minmay
D:4:      layout_basic, overflow_temple_1_default, first_ration
D:5:      layout_loops_cross, temple_pool_b, minmay_misc_feat_five,
          minmay_misc_feat_columns, serial_bayou_pond_d, minmay_ogre_servants
D:6:      layout_rooms, serial_shops, shop_statue, gammafunk_ghost_smash,
          uniq_sigmund
D:7:      layout_loops_corners, serial_shops, shop, the_bakery, uniq_joseph
D:8:      layout_loops_ring, minmay_quadrilaterals
D:9:      layout_loops_corners
D:10:     layout_rooms, orc_david_3, serial_shops, shop, shop, uniq_erolcha
D:11:     layout_gridville, lair_entry_dummy, special_room [special_room_orc],
          uniq_psyche
D:12:     layout_basic, serial_shops, shop, portal_ice_cave_entry_ice_beasts
D:13:     layout_irregular_city, skrybe_vaults_entry_preservation, st_stairs_3
D:14:     layout_gridville, minmay_misc_feat_encased,
          minmay_statue_crystal_thing
D:15:     hangedman_depths_entry_try_elsewhere_first, layout_long_grid,
          serial_bayou_pond_c, minmay_fractal_squares_gapless_5
Temple:   regret_index_temple_sigil_plot

Skill      XL: |  1  2  3  4  5  6  7  8  9 10 11 12 13 |
---------------+----------------------------------------+-----
Unarmed Combat | 4 5 6 7 9 10 11 12 13 | 13.5
Fighting       | 3 4 5 6 7 8 |  8.6
Dodging        | 3 4 5 6 7 8 |  8.4
Invocations    | 1 2 3 5 6 8 9 10 11 | 11.8
Shields        | 1 3 4 5 6 7 |  7.2
Stealth        | |  1.0

Action                   |  1- 3 |  4- 6 |  7- 9 | 10-12 | 13-15 || total
-------------------------+-------+-------+-------+-------+-------++-------
Melee: Unarmed           |    80 |   205 |   200 |   875 |   382 ||  1742
       Punch             |       |     1 |     3 |       |       ||     4
Throw: Large rock        |       |       |       |       |     1 ||     1
 Abil: Draw Destruction  |       |       |     5 |     9 |    12 ||    26
       Draw Summoning    |       |       |     1 |     4 |     5 ||    10
       Draw Escape       |       |       |       |     1 |     4 ||     5
Evoke: Wand              |       |       |     2 |       |       ||     2
  Use: Potion            |       |       |     1 |       |       ||     1
       Scroll            |       |       |       |    23 |     1 ||    24
 Stab: Sleeping          |     2 |     6 |     7 |     2 |     5 ||    22
       Distracted        |       |     2 |       |     1 |       ||     3
       Paralysed         |       |       |     3 |       |       ||     3
       Confused          |       |       |       |     3 |       ||     3
  Eat: Chunk             |    10 |    18 |    18 |    57 |    14 ||   117
       Ration            |       |       |       |       |     1 ||     1
Armor: Robe              |    25 |    66 |    44 |   159 |       ||   294
       Animal skin       |       |       |       |       |    76 ||    76
Dodge: Dodged            |    36 |   131 |    83 |   312 |   184 ||   746
Block: Shield            |       |       |    66 |   663 |   207 ||   936
       Reflection        |       |       |     4 |    18 |       ||    22

Table legend:
 A = Non-vault XP
 B = Vault XP
 C = Vault XP percentage of total XP
 D = Non-vault monster count
 E = Vault monster count
 F = Vault count percentage of total count
                 A         B        C        D         E       F
            +---------+---------+-------+---------+---------+-------
      Total |   35590 |   27959 |  44.0 |     415 |     125 |  23.1
            +---------+---------+-------+---------+---------+-------
        D:1 |      78 |       0 |   0.0 |      25 |       0 |   0.0
        D:2 |      73 |       0 |   0.0 |      26 |       0 |   0.0
        D:3 |     135 |       0 |   0.0 |      28 |       0 |   0.0
        D:4 |     430 |       0 |   0.0 |      34 |       0 |   0.0
        D:5 |     319 |     125 |  28.2 |      13 |       9 |  40.9
        D:6 |    1037 |    1693 |  62.0 |      20 |       5 |  20.0
        D:7 |     898 |     649 |  42.0 |      28 |       2 |   6.7
        D:8 |     692 |     133 |  16.1 |      10 |       3 |  23.1
        D:9 |    3318 |       0 |   0.0 |      51 |       0 |   0.0
       D:10 |    2916 |    1132 |  28.0 |      43 |       5 |  10.4
       D:11 |    5557 |    2135 |  27.8 |      41 |      25 |  37.9
       D:12 |    4191 |    1049 |  20.0 |      32 |       8 |  20.0
       D:13 |    4758 |    4751 |  50.0 |      32 |      12 |  27.3
       D:14 |    3138 |     629 |  16.7 |      10 |       1 |   9.1
       D:15 |    8050 |    2963 |  26.9 |      22 |       4 |  15.4
      IceCv |       0 |   12700 | 100.0 |       0 |      51 | 100.0
            +---------+---------+-------+---------+---------+-------
